 Dungeon Crawl Stone Soup version 0.17-b1-15-g0f5fb43 (webtiles) character file.

52 Hanyuu the Insei (level 3, 0/23 HPs)
             Began as an Octopode Transmuter on Nov 4, 2015.
             Was an Initiate of Makhleb.
             Slain by a giant cockroach (1 damage)
             ... on level 2 of the Dungeon.
             The game lasted 00:04:30 (1900 turns).

Hanyuu the Insei (Octopode Transmuter)              Turns: 1900, Time: 00:04:30

Health: 0/23       AC:  1    Str:  9    XL:     3   Next: 85%
Magic:  4/6        EV: 12    Int: 21    God:    Makhleb [......]
Gold:   53         SH:  0    Dex: 12    Spells: 2 memorised, 3 levels left

rFire  . . .     SeeInvis .       - Unarmed
rCold  . . .     Clarity  .     (no shield)
rNeg   . . .     SustAt   .     (helmet restricted)
rPois  .         Gourm    .     (no amulet)
rElec  .         Spirit   .     k - ring of protection from magic
rCorr  .         Warding  .     (no ring)
rMut   .         Stasis   .     (no ring)
MR     +....                    (no ring)
Stlth  ++........               (no ring)
                                (no ring)
                                (no ring)
                                (no ring)

@: brilliant, flying, somewhat resistant to hostile enchantments, unstealthy
A: almost no armour, amphibious, 8 rings, constrict 8, camouflage 1, gelatinous
body 1
a: Renounce Religion


You were on level 2 of the Dungeon.
You worshipped Makhleb.
Makhleb was noncommittal.
You were hungry.

You visited 1 branch of the dungeon, and saw 2 of its levels.

You collected 53 gold pieces.

Inventory:

Missiles
 a - 52 arrows
 j - 15 poisoned needles
Jewellery
 k - a ring of protection from magic (left tentacle)
Scrolls
 d - a scroll of remove curse
 g - a scroll of identify {unknown}
Potions
 e - a potion of flight
Books
 b - a book of Changes

   Spells                             Type                      Level
   a - Beastly Appendage              Transmutation                1
   b - Sticks to Snakes               Transmutation                2
   c - Spider Form                    Transmutation/Poison         3
   d - Ice Form                       Ice/Transmutation            4
   e - Blade Hands                    Transmutation                5
Comestibles
 c - a bread ration
 f - a slice of pizza


   Skills:
 - Level 1.0 Fighting
 - Level 2.0 Dodging
 + Level 4.2 Unarmed Combat
 - Level 2.0 Spellcasting
 + Level 2.6 Transmutations


You had 3 spell levels left.
You knew the following spells:

 Your Spells              Type           Power        Failure   Level  Hunger
a - Beastly Appendage     Trmt           ####..       1%          1    #......
b - Sticks to Snakes      Trmt           ####......   1%          2    ##.....


Dungeon Overview and Level Annotations

Branches:
Dungeon (2/15)

Altars:
Makhleb
Xom


Innate Abilities, Weirdness & Mutations

You cannot wear most types of armour.
You are amphibious.
You can wear up to eight rings at the same time.
You can use your tentacles to constrict eight enemies at once.
Your skin changes colour to match your surroundings (Stealth).
Your rubbery body absorbs attacks (AC +1).


Message History

The giant cockroach bites you.
* * * LOW HITPOINT WARNING * * *
The giant cockroach closely misses you. The giant cockroach closely misses you.
The giant cockroach bites you.
* * * LOW HITPOINT WARNING * * *
Drink which item? (? for menu, Esc to quit)
It was a potion of flight.
You feel very buoyant.
You fly up into the air.
The giant cockroach bites you but does no damage.
Drink which item? (? for menu, Esc to quit)
It was a potion of brilliance.
You feel clever all of a sudden. The giant cockroach bites you.
* * * LOW HITPOINT WARNING * * *
You tentacle-slap the giant cockroach but do no damage.
You grab the giant cockroach. You constrict the giant cockroach.
The giant cockroach bites you.
You die...

.................+,,,##..##
.#...#..........P#,,,#..##
#..###.[.........#,,,#.##
..##*#...........#####.#####
...........................#
##############.#############
♣.♣♣♣ ♣)..♣♣ ** *******
♣♣♣@.♣♣ **, ,,,,,,** ♣♣sK♣
****,, ,***,,,* ♣.♣♣
*♣♣♣,,,** ** *,,,*** ♣♣.♣♣
*♣..,**** **,,,,*
♣♣.♣♣♣♣)♣*** **,,****
♣..♣♣...♣ *,,** ♣♣...K♣♣♣
**,,*** ♣♣♣.♣♣ *♣♣ *,,,,****
♣.♣♣♣ *♣..


You could see a giant cockroach and a kobold.

Vanquished Creatures
  An ooze (D:2)
  2 giant geckos (D:1)
  3 giant cockroaches
  5 goblins
  6 hobgoblins
  A ball python (D:2)
  7 bats
  2 kobolds
  5 rats
32 creatures vanquished.

Vanquished Creatures (collateral kills)
  An adder (D:2)
  2 worms (D:2)
  A goblin (D:2)
  A hobgoblin (D:2)
  A bat (D:2)
6 creatures vanquished.

Grand Total: 38 creatures vanquished

Notes
Turn   | Place    | Note
--------------------------------------------------------------
     0 | D:1      | Hanyuu the Octopode Transmuter began the quest for the Orb.
     0 | D:1      | Reached XP level 1. HP: 13/13 MP: 3/3
   509 | D:1      | Reached XP level 2. HP: 11/18 MP: 5/5
   836 | D:1      | Learned a level 2 spell: Sticks to Snakes
  1333 | D:2      | Reached skill level 4 in Unarmed Combat
  1344 | D:2      | Reached XP level 3. HP: 23/23 MP: 1/6
  1745 | D:2      | Found a shimmering altar of Xom.
  1745 | D:2      | Found a burning altar of Makhleb.
  1759 | D:2      | Became a worshipper of Makhleb the Destroyer
  1896 | D:2      | HP: 1/23 [giant cockroach (2)]
  1900 | D:2      | Slain by a giant cockroach

Action                   || total
-------------------------++-------
Melee: Unarmed           ||    74
 Cast: Sticks to Snakes  ||     8
  Use: Scroll            ||     4
       Potion            ||     2
 Stab: Sleeping          ||     4
  Eat: Chunk             ||     3
